 Dungeon Crawl Stone Soup version 0.25-a0-668-gea548f1 (webtiles) character file.

Game seed: 2788153278879507635, levelgen mode: deterministic

42 Faca the Vandal (level 3, 7/25 HPs)
             Began as a Halfling Hunter on Mar 28, 2020.
             Quit the game on level 2 of the Dungeon.
             The game lasted 00:02:52 (1820 turns).

Faca the Vandal (Halfling Hunter)                   Turns: 1820, Time: 00:02:52

Health: 7/25       AC:  3    Str: 14    XL:     3   Next: 77%
Magic:  3/3        EV: 14    Int:  9    God:
Gold:   91         SH:  0    Dex: 14    Spells: 2/2 levels left

rFire    . . .     SeeInvis .   b - +0 short sword
rCold    . . .     Gourm    .   (shield restricted)
rNeg     + . .     Faith    .   c - +0 leather armour
rPois    .         Spirit   .   (no helmet)
rElec    .         Reflect  .   (no cloak)
rCorr    .         Harm     .   (no gloves)
MR       .....                  (no boots)
Stlth    ++........             (no amulet)
HPRegen  0.08/turn              e - ring of positive energy
MPRegen  0.08/turn              j - ring of stealth

@: lethally poisoned (7 -> -6)
A: small, mutation resistance 1
a: no special abilities


You were on level 2 of the Dungeon.
You were hungry.

You visited 1 branch of the dungeon, and saw 2 of its levels.

You collected 91 gold pieces.

Inventory:

Hand Weapons
 a - a +1 hunting sling
 b - a +0 short sword (weapon)
Missiles
 d - 18 sling bullets
 g - 15 stones (quivered)
Armour
 c - a +0 leather armour (worn)
Jewellery
 e - a ring of positive energy (left hand)
 j - a ring of stealth (right hand)
Scrolls
 h - 2 scrolls of identify
 i - a scroll of remove curse
Potions
 k - a potion of might
Comestibles
 f - 4 rations


   Skills:
 + Level 2.7 Fighting
 + Level 6.7 Slings
 - Level 2.1 Dodging
 - Level 1.1 Stealth


You had 2 spell levels left.
You didn't know any spells.
Your spell library was empty.

Dungeon Overview and Level Annotations

Branches:
Dungeon (2/15)

Altars:


Innate Abilities, Weirdness & Mutations

You are small and have problems with some larger weapons.
You are somewhat resistant to further mutation.


Message History

You are too injured to fight recklessly!
You completely miss the adder.
The adder is moderately wounded.
You feel sick.
The giant cockroach bites you but does no damage.
The adder closely misses you.
You closely miss the adder.
The adder is moderately wounded.
You feel sick. The giant cockroach bites you.
The adder bites you but does no damage.
The giant cockroach bites you but does no damage.
The adder closely misses you.
You barely miss the adder.
The adder is moderately wounded.
The giant cockroach barely misses you. The adder bites you.
* * * LOW HITPOINT WARNING * * *
You are more poisoned.
The adder poisons you!
Okay, then.
Are you sure you want to abandon this character and quit the game? (Confirm with "yes".)

##..........#...>.
.#.................
....................
>...................
....................
....................
.............s......
.#.....)...@.......
.#.........S...###.
#.##..##....#.....#
#.#...##.#.##........
#.#..##....#...##..#..
###.#..>....##..##
.....
#......###.###..# .###
#..........# ...# .#
#......#####


You could see an adder and a giant cockroach.

Vanquished Creatures
  An adder (D:2)
  A dart slug (D:1)
  A leopard gecko (D:1)
  An orc (D:2)
  2 giant cockroaches (D:1)
  3 goblins (D:1)
  2 hobgoblins (D:1)
  4 jackals (D:1)
  5 kobolds (D:1)
  2 bats (D:1)
  A frilled lizard (D:1)
  3 rats (D:1)
26 creatures vanquished.

Notes
Turn   | Place    | Note
-------+----------+-------------------------------------------
     0 | D:1      | Faca the Halfling Hunter began the quest for the Orb.
     0 | D:1      | Reached XP level 1. HP: 14/14 MP: 1/1
    35 | D:1      | Reached skill level 6 in Slings
   149 | D:1      | Reached XP level 2. HP: 6/19 MP: 2/2
   564 | D:1      | HP: 1/20 [goblin/+0 dagger (2)]
   692 | D:1      | Reached XP level 3. HP: 4/25 MP: 3/3
   696 | D:1      | HP: 1/25 [jackal (1)]
  1820 | D:2      | Quit the game

Levels and vault maps discovered:
D:1:      lightli_arrival_boilingwater, layout_loops_ring
D:2:      layout_rooms, nicolae_overflow_hidden_temple, minmay_quadrilaterals,
          uniq_crazy_yiuf_cottage

Skill      XL: |  1 |
---------------+----+-----
Slings         | 6 |  6.7
Fighting       | 2 |  2.7
Dodging        | |  2.1
Stealth        | |  1.1

Action                   || total
-------------------------++-------
Melee: Short sword       ||   112
 Fire: Hunting sling     ||     8
  Use: Scroll            ||     6
 Stab: Distracted        ||     1
       Sleeping          ||     2
  Eat: Chunk             ||     2
Armor: Leather armour    ||    19
Dodge: Dodged            ||    91

Table legend:
 A = Non-vault XP
 B = Vault XP
 C = Vault XP percentage of total XP
 D = Non-vault monster count
 E = Vault monster count
 F = Vault count percentage of total count
                 A         B        C        D         E       F
            +---------+---------+-------+---------+---------+-------
      Total |      60 |       0 |   0.0 |      26 |       0 |   0.0
            +---------+---------+-------+---------+---------+-------
        D:1 |      44 |       0 |   0.0 |      24 |       0 |   0.0
        D:2 |      16 |       0 |   0.0 |       2 |       0 |   0.0
            +---------+---------+-------+---------+---------+-------
